 Dungeon Crawl Stone Soup version 0.27-a0-1202-ge72e49191c (webtiles) character file.

Game seed: 5642974438397910845

1 robertstho the Ducker (level 1, -1/15 HPs)
             Began as a Felid Berserker on June 2, 2021.
             Was a Follower of Trog.
             Slain by a kobold
             ... wielding a +0 dagger
              (2 damage)
             ... on level 1 of the Dungeon.
             The game lasted 00:00:10 (104 turns).

robertstho the Ducker (Felid Berserker)              Turns: 104, Time: 00:00:11

Health: -1/15      AC:  1    Str: 13    XL:     1   Next: 16%
Magic:  2/2        EV: 18    Int:  8    God:    Trog [*.....]
Gold:   0          SH:  0    Dex: 15    Spells: 0/0 levels left
                                        Lives:  0   Deaths: 0

rFire    . . .     SeeInvis +     - Unarmed
rCold    . . .     Faith    .   (shield unavailable)
rNeg     . . .     Spirit   .   (armour unavailable)
rPois    .         Reflect  .   (helmet unavailable)
rElec    .         Harm     .   (cloak unavailable)
rCorr    .         Rampage  .   (gloves unavailable)
Will     .....                  (boots unavailable)
Stlth    ..........             (no amulet)
HPRegen  0.05/turn              (no ring)
MPRegen  0.08/turn              (no ring)

@: berserking (expiring), quick
A: very small, claws 1, fangs 3, see invisible, speed 1, shaggy fur 1, stealthy
paws, no weapons or thrown items, no armour, multi-lived
a: Renounce Religion, Berserk


You were on level 1 of the Dungeon.
You worshipped Trog.
Trog was aware of your devotion.
You visited 1 branch of the dungeon, and saw 1 of its levels.

Inventory:

Potions
 a - a potion of attraction {unknown}
 b - a potion of heal wounds {unknown}


   Skills:
 + Level 3.0 Fighting
 + Level 4.0 Dodging
 + Level 3.0 Unarmed Combat


You couldn't memorise any spells.
You didn't know any spells.
Your spell library was empty.

Dungeon Overview and Level Annotations

Branches:
Dungeon (1/15)

Altars:


Innate Abilities, Weirdness & Mutations

You have sharp claws.
You have razor-sharp teeth.
You have supernaturally acute eyesight. (SInv)
You cover ground quickly. (Speed+)
You are covered in fur. (AC +1)
Your paws help you pounce on unaware monsters.
You are incapable of wielding weapons or throwing items.
You cannot wear armour.
You gain extra lives every three experience levels.


Message History

The ball python is moderately wounded.
The ball python misses you. The ball python grabs you.
The ball python constricts you.
Your unstable footing causes you to fumble your attack.
The ball python closely misses you. The ball python constricts you.
You barely miss the ball python.
The ball python is moderately wounded.
A ball python comes into view.
The ball python bites you. The ball python constricts you.
You are too injured to fight recklessly!
You are too injured to fight recklessly!
You are too injured to fight recklessly!
A red film seems to cover your vision as you go berserk!
You feel yourself moving faster!
You feel mighty! The ball python bites you.
* * * LOW HITPOINT WARNING * * *
x2 The ball python constricts you.
You escape the ball python's grasp.
You feel a strong urge to attack something.
You claw the ball python!
You kill the ball python!
Trog accepts your kill.
You barely miss the ball python.
The ball python is moderately wounded.
The ball python bites you.
* * * LOW HITPOINT WARNING * * *
The ball python grabs you. The ball python constricts you.
You barely miss the ball python.
The ball python is moderately wounded.
The ball python completely misses you.
* * * LOW HITPOINT WARNING * * *
The ball python constricts you.
You scratch the ball python.
You kill the ball python!
Trog accepts your kill.
You enter the shallow water.
Moving in this stuff is going to be slow.
The kobold closely misses you.
Your unstable footing causes you to fumble your attack.
The kobold hits you with a +0 dagger.
You die...

... ... ≈≈≈≈≈≈≈
## #.# ≈≈≈≈≈≈≈
#.# P≈≈≈≈≈≈ ...
≈≈≈≈≈≈≈ #(#
≈≈≈≈≈≈≈
#.##♣♣J≈≈≈≈≈≈
#.#.≈≈KP≈≈≈≈≈
######
#.#.♣@P≈≈≈≈≈≈
##....#
#....♣♣≈≈≈≈≈≈
≈##...######.###♣
≈≈≈≈≈
≈≈#..........#
♣≈≈≈
.≈#...######## ≈P
..#...# ≈ ≈.#.###
≈.+.#####
≈.+.....#


You could see an endoplasm and a kobold.

Vanquished Creatures
  2 ball pythons (D:1)
2 creatures vanquished.

Notes
Turn   | Place    | Note
-------+----------+-------------------------------------------
     0 | D:1      | robertstho the Felid Berserker began the quest for the Orb.
     0 | D:1      | Reached XP level 1. HP: 10/10 MP: 2/2
   104 | D:1      | Slain by a kobold

Illustrated notes

Levels and vault maps discovered:
D:1:      psy_arrival_whirlpool, layout_loops_ring, serial_bayou,
          serial_bayou_lake_a, serial_bayou_pond_d, serial_bayou_pond_a,
          serial_bayou_pond_a, ebering_ecumenical_altar_abandoned,
          serial_park_tiny_1, minmay_vboxes

Action                   || total
-------------------------++-------
Melee: Unarmed           ||     8
       Bite              ||     1
Invok: Berserk           ||     1
Dodge: Dodged            ||     5

Table legend: (Time is in decaauts)
 A = Elapsed time spent in this place.
 B = Non-inter-level travel time spent in this place.
 C = Inter-level travel time spent in this place.
 D = Time resting spent in this place.
 E = Time spent auto-exploring this place.
 F = Levels seen in this place.
 G = Mean time per level.
                   A        B        C        D        E       F      G
               +--------+--------+--------+--------+--------+-----+--------+
         Total |     86 |     86 |      0 |      0 |     74 |   1 |   86.0 |
       Dungeon |     86 |     86 |      0 |      0 |     74 |   1 |   86.0 |
               +--------+--------+--------+--------+--------+-----+--------+

Top non-repeatable levels by time:
     D:1: 86 daAuts
